AoeStats
← dashuaibi

Arena

508860735Analyzed
4v4 RM · 8d ago on Sep 24, 2026· 49m 7s· 8 players
Game mode
Random Map
Map size
Large (8 player)
Population
200
Speed
Normal
Resources
Standard
Victory
Conquest
Starting age
Dark Age
Ending age
Imperial Age
RankedLock teamsTeams togetherTeam positionsShared explorationLock speedFull tech treeHidden civsTurbo modeCheats
Victory
Defeat
🇲🇽 Tupi · Mexico
1423
+12
🇷🇺 Mongols · Russia
1387
+14
🇳🇱 Slavs · Netherlands
1385
+14
🇨🇳 Saracens · China
1374
+14
🇦🇷 Khmer · Argentina
1397
-15
🇨🇳 Slavs · China
1345
-14
🇨🇳 Teutons · China
1331
-13
🇨🇦 Turks · Canada
1287
-12
Moctezama
7:44 Loom
10:15 Feudal Age
14:40 Castle Age
13:32 Fletching
19:36 Bodkin Arrow
29:26 Imperial Age
28:55 Ballistics
28:47 Gold Mining
32:36 Bracer
32:37 Padded Archer Armor
33:18 Conscription
33:24 Double-Bit Axe
33:56 Elite Blackwood Archer
44:24 Leather Archer Armor
sdk
0:29 Loom
10:08 Feudal Age
10:31 Horse Collar
10:38 Double-Bit Axe
11:29 Wheelbarrow
18:42 Castle Age
19:58 Bow Saw
19:57 Heavy Plow
20:29 Hand Cart
23:37 Town Watch
26:13 Stone Mining
26:14 Gold Mining
28:02 Gold Shaft Mining
29:10 Scale Barding Armor
29:15 Forging
32:37 Imperial Age
30:28 Chain Barding Armor
30:14 Detinets
31:42 Iron Casting
31:29 Masonry
32:42 Elite Boyar
33:47 Conscription
34:06 Plate Barding Armor
34:31 Blast Furnace
33:08 Elite Boyar
34:20 Fletching
34:55 Bloodlines
34:46 Husbandry
35:22 Caravan
37:09 Bodkin Arrow
37:42 Ballistics
40:18 Chemistry
39:15 Murder Holes
40:11 Hoardings
44:33 Crop Rotation
45:49 Fortified Wall
49:24 Herbal Medicine
dashuaibi
7:58 Loom
10:33 Feudal Age
16:25 Castle Age
15:21 Double-Bit Axe
15:17 Horse Collar
20:45 Bow Saw
20:37 Heavy Plow
21:18 Wheelbarrow
26:17 Gold Mining
26:18 Stone Mining
29:41 Imperial Age
27:57 Hand Cart
28:43 Gold Shaft Mining
28:41 Ballistics
28:36 Scale Barding Armor
28:42 Forging
29:24 Bloodlines
29:14 Husbandry
30:00 Chain Barding Armor
29:46 Town Watch
31:44 Two-Man Saw
32:29 Plate Barding Armor
32:29 Iron Casting
33:27 Chemistry
32:13 Elite Mameluke
33:14 Conscription
34:48 Siege Engineers
34:53 Masonry
36:40 Blast Furnace
35:30 Fletching
35:59 Counterweights
38:06 Fortified Wall
37:24 Light Cavalry
39:23 Hussar
43:53 Hoardings
spirrulina
9:49 Feudal Age
13:35 Castle Age
12:05 Double-Bit Axe
14:28 Bow Saw
16:29 Horse Collar
19:36 Loom
22:48 Wheelbarrow
22:02 Town Watch
27:18 Imperial Age
25:25 Padded Archer Armor
25:56 Heavy Plow
26:03 Fletching
26:15 Gold Mining
27:06 Bodkin Arrow
28:04 Bracer
29:31 Leather Archer Armor
29:32 Town Patrol
29:10 Elite Mangudai
30:35 Conscription
32:17 Gold Shaft Mining
31:45 Onager
33:55 Drill
34:14 Siege Engineers
34:29 Fortified Wall
35:45 Siege Onager
42:28 Heavy Scorpion
46:04 Capped Ram
47:00 Siege Ram
精锐磁暴步兵
10:05 Feudal Age
14:31 Castle Age
12:43 Horse Collar
13:50 Double-Bit Axe
17:26 Loom
19:54 Bow Saw
20:04 Heavy Plow
20:43 Stone Mining
20:45 Town Watch
22:20 Wheelbarrow
22:44 Gold Mining
23:12 Scale Barding Armor
25:25 Fletching
25:37 Husbandry
25:47 Bloodlines
26:15 Fortified Wall
27:53 Chain Barding Armor
27:53 Detinets
28:22 Forging
30:51 Imperial Age
31:04 Iron Casting
29:51 Pikeman
30:31 Squires
31:17 Ballistics
31:34 Hand Cart
32:03 Conscription
32:20 Plate Barding Armor
31:51 Capped Ram
33:48 Two-Man Saw
33:48 Crop Rotation
34:59 Blast Furnace
33:53 Elite Boyar
35:21 Siege Ram
36:18 Halberdier
37:00 Scale Mail Armor
38:54 Gold Shaft Mining
39:14 Chain Mail Armor
40:08 Onager
41:35 Siege Onager
44:44 Plate Mail Armor
44:44 Bodkin Arrow
45:57 Light Cavalry
46:39 Padded Archer Armor
帅气的孔
11:44 Feudal Age
14:25 Castle Age
12:20 Double-Bit Axe
13:12 Horse Collar
20:15 Wheelbarrow
20:05 Gold Mining
20:54 Heavy Plow
21:08 Bow Saw
22:33 Gold Shaft Mining
22:30 Hand Cart
26:50 Imperial Age
24:41 Fletching
24:51 Padded Archer Armor
25:05 Stone Mining
25:30 Bodkin Arrow
25:27 Loom
25:29 Town Watch
26:21 Stone Shaft Mining
26:53 Leather Archer Armor
28:12 Conscription
28:04 Bracer
28:57 Double Crossbow
30:07 Ring Archer Armor
30:00 Masonry
30:25 Ballistics
30:40 Murder Holes
31:22 Heavy Scorpion
33:12 Caravan
33:45 Architecture
32:58 Capped Ram
35:03 Siege Ram
40:40 Chemistry
39:46 Siege Engineers
39:52 Fortified Wall
40:14 Coinage
40:57 Forging
40:52 Scale Barding Armor
41:26 Hoardings
42:53 Bloodlines
42:43 Husbandry
42:03 Light Cavalry
43:54 Crop Rotation
47:04 Iron Casting
47:23 Arson
Mythrender
10:46 Feudal Age
11:44 Double-Bit Axe
11:41 Horse Collar
18:05 Castle Age
16:26 Stone Mining
17:09 Gold Mining
17:45 Padded Archer Armor
18:21 Loom
19:58 Gold Shaft Mining
23:39 Fletching
25:47 Bow Saw
26:25 Wheelbarrow
28:10 Heavy Plow
29:33 Leather Archer Armor
33:40 Imperial Age
32:18 Scale Barding Armor
34:37 Ballistics
34:51 Bombard Tower
34:54 Ballistics
34:44 Artillery
36:18 Ring Archer Armor
36:15 Murder Holes
37:17 Elite Janissary
39:48 Hand Cart
40:00 Forging
39:57 Scale Barding Armor
41:33 Hoardings
41:45 Husbandry
41:57 Bloodlines
44:45 Iron Casting
44:11 Scale Mail Armor
44:33 Chain Barding Armor
44:21 Heavy Camel Rider
那你想怎样?
11:21 Feudal Age
15:13 Castle Age
13:32 Double-Bit Axe
13:28 Horse Collar
20:57 Wheelbarrow
24:45 Bow Saw
24:29 Town Watch
24:30 Loom
28:04 Hand Cart
28:18 Gold Mining
29:11 Heavy Plow
32:52 Imperial Age
30:54 Scale Mail Armor
31:05 Forging
32:34 Chain Mail Armor
33:09 Squires
34:26 Plate Mail Armor
34:33 Iron Casting
33:54 Pikeman
35:05 Conscription
35:17 Halberdier
36:30 Ironclad
36:56 Iron Casting
36:55 Arson
38:48 Chemistry
38:09 Ballistics
38:00 Masonry
38:01 Fortified Wall
42:05 Two-Man Saw
43:00 Blast Furnace
41:50 Fletching
42:01 Padded Archer Armor
Connection lost

Rejoining the realm…

Still unreachable

The connection could not be restored.

Session expired

The server has moved on; the page needs a fresh start.